 Dungeon Crawl Stone Soup version 0.17-a0-870-gcb215c1 (webtiles) character file.

448 Gruud the Vexing (level 6, 0/41 HPs)
             Began as a Demonspawn Enchanter on Apr 29, 2015.
             Slain by a gnoll
             ... wielding a +0 spear
              (7 damage)
             ... on level 3 of the Dungeon.
             The game lasted 00:22:07 (4248 turns).

Gruud the Vexing (Demonspawn Enchanter)             Turns: 4248, Time: 00:22:08

Health: 0/41       AC:  8    Str: 14    XL:     6   Next: 73%
Magic:  0/9        EV: 12    Int: 16    God:
Gold:   165        SH:  0    Dex: 15    Spells: 4 memorised, 0 levels left

rFire  . . .     SeeInvis .     t - +2 dagger (protect)
rCold  + . .     Clarity  .     u - +0 robe {rC+}
rNeg   . . .     SustAb   .     (no shield)
rPois  .         Gourm    .     (no helmet)
rElec  .         Spirit   +     (no cloak)
rCorr  .         Warding  .     (no gloves)
rMut   .         Stasis   .     h - +0 pair of boots
MR     +....                    (no amulet)
Stlth  ++........               n - +5 ring of strength
                                i - ring of protection from magic

@: somewhat resistant to hostile enchantments, unstealthy
A: magic shield, magic regeneration
a: no special abilities


You were on level 3 of the Dungeon.
You were not hungry.

You visited 1 branch of the dungeon, and saw 4 of its levels.

You collected 165 gold pieces.

Inventory:

Hand weapons
 a - a +1 dagger
 b - a +0 trident
 t - a +2 dagger of protection (weapon)
Armour
 h - a +0 pair of boots (worn)
 u - a +0 robe of cold resistance (worn)
Jewellery
 i - a ring of protection from magic (left hand)
 n - a +5 ring of strength (right hand)
Scrolls
 f - a scroll of magic mapping {unknown}
 g - a scroll of remove curse {unknown}
 l - 2 scrolls of fog
 o - a scroll of immolation {unknown}
 q - a scroll of random uselessness {unknown}
Potions
 e - a potion of heal wounds
 j - a potion of agility {unknown}
 m - 2 potions of resistance
 p - a potion of degeneration {unknown}
 s - a potion of haste
Books
 c - a book of Maledictions

   Spells                             Type                      Level
   a - Corona                         Hexes                        1
   b - Ensorcelled Hibernation        Hexes/Ice                    2
   c - Confuse                        Hexes                        3
   d - Tukima's Dance                 Hexes                        3
   e - Dazzling Spray                 Conjuration/Hexes            3
 r - a book of Ice

   Spells                             Type                      Level
   a - Ice Form                       Ice/Transmutation            4
   b - Metabolic Englaciation         Hexes/Ice                    5
   c - Ozocubu's Refrigeration        Ice                          6
   d - Bolt of Cold                   Conjuration/Ice              6
   e - Freezing Cloud                 Conjuration/Ice/Air          6
   f - Simulacrum                     Ice/Necromancy               6
Comestibles
 d - 4 bread rations
 k - a royal jelly
 v - 9 chunks of flesh
 w - 3 fruits


   Skills:
 - Level 0.8 Short Blades
 * Level 2.4 Polearms
 - Level 1.7 Dodging
 - Level 3.6 Stealth
 - Level 2.0 Spellcasting
 * Level 6.6 Hexes


You couldn't memorise any spells.
You knew the following spells:

 Your Spells              Type           Power        Failure   Level  Hunger
a - Corona                Hex            ###....      1%          1    #......
b - Ensorcelled Hibernat  Hex/Ice        ##....       10%         2    ###....
c - Dazzling Spray        Conj/Hex       ##......     17%         3    ###....
d - Confuse               Hex            ###.....     4%          3    ###....


Dungeon Overview and Level Annotations

Branches:
Dungeon (4/15)
 Temple: D:4-7

Altars:
Dithmenos
Kikubaaqudgha
Okawaru
Qazlal

Annotations:
D:4 Dowan, Duvessa


Innate Abilities, Weirdness & Mutations

When hurt, damage is shared between your health and your magic reserves.
You regenerate magic rapidly.


Message History

The gnoll hits you but does no damage.
You hit the gnoll.
The gnoll is severely wounded.
Casting: Dazzling Spray
Confirm with . or Enter, or press ? or * to list all spells.
Aiming: Ensorcelled Hibernation
Press: ? - help, Shift-Dir - straight line, f/p - gnoll
Aim: a gnoll, wielding a spear (severely wounded, blind, chance 51%)
The gnoll resists with some effort.
The gnoll barely misses you.
The gnoll hits you from afar with a spear.
* * * LOW HITPOINT WARNING * * *
You hit the gnoll but do no damage.
The gnoll is no longer blind.
The gnoll barely misses you.
The gnoll hits you from afar with a spear.
* * * LOW HITPOINT WARNING * * *
You hit the gnoll.
The gnoll is moderately wounded.
The gnoll closely misses you.
The gnoll hits you from afar with a spear!
You die...

#####..######
#......# ## ###
#####..# .#
#♣#.###_#⌠#.## .##
##.#.#.#.#.8.#
..###_...........#
.[..#..........g.#
#...##.#.#.#.#.8g#
#.####_#.#######@#
..# ###########.#
..# #..#....# ..#
##.....## ..#
##....# ..#
##....## ..#
#####..#..# ..#
##.....###.## ..#
#..#######..##


You could see 2 gnolls.

Vanquished Creatures
  A phantom (D:4)
  An orc priest (D:3)
  4 orc wizards
  2 worker ants (D:4)
  7 adders
  2 gnolls (D:3)
  2 oozes
  3 worms
  3 giant geckos
  7 orcs
  9 bats
  6 giant cockroaches
  7 goblins
  8 hobgoblins
  6 jackals
  3 quokkas
  A ball python skeleton (D:4)
  A giant newt (D:1)
  5 kobolds
  7 rats
85 creatures vanquished.

Notes
Turn   | Place    | Note
--------------------------------------------------------------
     0 | D:1      | Gruud, the Demonspawn Enchanter, began the quest for the Orb.
     0 | D:1      | Reached XP level 1. HP: 13/13 MP: 3/3
   432 | D:1      | Gained mutation: When hurt, damage is shared between your health and your magic reserves. [demonic ancestry]
   432 | D:1      | Reached XP level 2. HP: 16/19 MP: 3/5
   518 | D:1      | Learned a level 2 spell: Ensorcelled Hibernation
   551 | D:1      | Reached skill level 4 in Hexes
   775 | D:1      | Reached XP level 3. HP: 24/24 MP: 2/6
  1608 | D:2      | HP: 1/24 [worm (6)]
  1669 | D:2      | Learned a level 3 spell: Dazzling Spray
  2260 | D:3      | Reached XP level 4. HP: 30/30 MP: 7/7
  2269 | D:3      | Reached skill level 5 in Hexes
  2486 | D:3      | Found a stormy altar of Qazlal.
  2675 | D:3      | Found a shadowy altar of Dithmenos.
  2680 | D:3      | Found an iron altar of Okawaru.
  2686 | D:3      | Found an ancient bone altar of Kikubaaqudgha.
  3110 | D:3      | Gained mutation: You regenerate magic rapidly. [demonic ancestry]
  3110 | D:3      | Reached XP level 5. HP: 31/35 MP: 5/8
  3437 | D:4      | Reached skill level 6 in Hexes
  3629 | D:4      | Noticed a phantom
  3688 | D:4      | Reached skill level 1 in Polearms
  3688 | D:4      | Reached XP level 6. HP: 22/41 MP: 3/9
  3756 | D:4      | Killed a phantom
  3962 | D:4      | Learned a level 3 spell: Confuse
  4022 | D:4      | Noticed Duvessa
  4043 | D:4      | Noticed Dowan
  4248 | D:3      | Slain by a gnoll

Action                   |  1- 3 |  4- 6 || total
-------------------------+-------+-------++-------
Melee: Dagger            |   184 |   257 ||   441
 Cast: Corona            |    11 |       ||    11
       Ensorcelled Hiber |    16 |    38 ||    54
       Dazzling Spray    |       |     4 ||     4
       Confuse           |       |     2 ||     2
  Use: Scroll            |     3 |     1 ||     4
       Potion            |     2 |     2 ||     4
 Stab: Sleeping          |    14 |    20 ||    34
       Invisible         |       |     1 ||     1
  Eat: Chunk             |     4 |    11 ||    15
       Beef jerky        |     1 |       ||     1
